Map: Dusk Towers

Players

Dayshi - Winner!

  • Race: Terran Terran
  • League: Grandmaster

Vincent

  • Race: Zerg Zerg
  • League: Grandmaster

Event: DreamHack ZOWIE Open Leipzig

VOD

Have the link to the VOD?

Description

Time

  • Played on: Jan. 22, 2016, 9:15 a.m.
  • Length: 7:55

All games in this series

Show
View Real Time Build Order
Export as new Build Order

Dayshi Terran - Winner!

Build Orders: MMM Bio, Mass Reaper 

Get SALT Encoding   

  12  0:01  SCV  
  13  0:13  SCV  
  14  0:17  Supply Depot  
  14  0:25  SCV  
  14  0:27  Refinery  
  15  0:39  SCV  
  16  0:45  Barracks  
  16  0:51  SCV  
  17  1:03  SCV  
  18  1:05  Barracks  
  18  1:15  SCV  
  19  1:21  Barracks  
  19  1:32  Reaper  
  20  1:38  Orbital Command  
  20  1:49  Supply Depot  
  20  1:53  Refinery  
  20  1:55  Reaper  
  21  2:04  SCV, Reaper  
  23  2:11  Reaper  
  24  2:17  Supply Depot  
  24  2:18  SCV  
  25  2:27  Reaper  
  26  2:31  SCV  
  26  2:36  Reaper  
  28  2:43  SCV  
  29  2:47  Reaper  
  30  2:55  SCV  
  31  3:04  Reaper  
  32  3:06  Command Center  
  32  3:07  SCV  
  32  3:10  Reaper  
  34  3:19  Reaper  
  35  3:32  SCV  
  35  3:36  Reaper  
  36  3:42  Reaper  
  36  3:44  SCV  
  39  3:56  Command Center  
  39  4:05  SCV, Barracks Tech Lab, Factory  
  39  4:08  Barracks Reactor  
  39  4:14  Barracks Reactor  
  39  4:18  SCV, Orbital Command  
  40  4:26  Stimpack  
  40  4:30  SCV  
  43  4:31  Marauder  
  41  4:43  SCV  
  41  4:44  SCV  
  43  4:46  Marine  
  43  4:49  Marine  
  43  4:50  Marine x2  
  43  4:51  Starport  
  43  4:52  Marine  
  48  4:55  SCV  
  48  4:58  Factory Reactor  
  49  5:02  SCV, Refinery  
  49  5:03  Marine  
  49  5:06  Marine  
  52  5:08  Marine x2  
  52  5:09  Orbital Command  
  55  5:18  Marauder  
  56  5:21  Marine  
  56  5:24  Marine  
  56  5:26  Marine x2  
  56  5:27  Engineering Bay  
  60  5:31  Engineering Bay  
  60  5:33  SCV x2  
  60  5:34  Supply Depot  
  62  5:36  Orbital Command  
  62  5:42  Medivac x2  
  66  5:43  Marine  
  66  5:44  Factory Tech Lab  
  66  5:45  Marine  
  66  5:46  Marine  
  69  5:53  Supply Depot  
  69  5:55  SCV, Marine  
  71  5:57  Supply Depot  
  71  6:00  Terran Infantry Weapons Level 1  
  71  6:05  Marine x2  
  71  6:08  SCV  
  71  6:09  SCV  
  71  6:11  SCV  
  76  6:15  Marine x3  
  79  6:19  Siege Tank  
  79  6:21  SCV  
  79  6:22  SCV  
  84  6:27  SCV  
  84  6:28  Supply Depot  
  84  6:31  Combat Shields  
  85  6:33  Marine x2  
  85  6:34  Marine x2  
  85  6:37  SCV  
  85  6:38  SCV  
  91  6:46  Marine  
  91  6:51  Marine  
  81  6:58  Marine x3  
  81  7:00  Siege Tank  
  84  7:02  SCV x3  
  84  7:03  Barracks  
  84  7:05  Barracks  
  84  7:06  Barracks  
  87  7:13  Medivac, Marauder  
  87  7:14  SCV x2, Medivac  
  95  7:20  Supply Depot  
  95  7:21  Supply Depot  
  93  7:25  Marine x2  
  93  7:26  Marine  
  93  7:27  Marine  
  92  7:33  Marine  
  87  7:40  SCV x2  
Show
View Real Time Build Order
Export as new Build Order

Vincent Zerg 

Build Orders: Hatch First, Roach Zergling, Roach Nydus 

Get SALT Encoding   

  12  0:00  Drone  
  13  0:12  Overlord  
  13  0:17  Drone  
  14  0:32  Drone x2  
  14  0:34  Drone  
  17  0:53  Hatchery  
  17  0:55  Drone  
  17  0:59  Drone  
  18  1:08  Extractor  
  17  1:13  Spawning Pool  
  17  1:16  Drone  
  17  1:20  Drone  
  18  1:29  Drone  
  19  1:39  Overlord  
  19  1:54  Drone  
  19  2:00  Queen  
  22  2:01  Zergling x2  
  22  2:04  Queen  
  22  2:05  Zergling x2  
  22  2:07  Metabolic Boost  
  26  2:11  Drone  
  27  2:16  Drone  
  28  2:23  Drone  
  28  2:27  Drone  
  30  2:36  Queen  
  31  2:43  Roach Warren  
  29  2:45  Spore Crawler, Zergling x2  
  29  2:51  Zergling x4  
  32  3:03  Queen  
  32  3:04  Overlord  
  33  3:08  Overlord  
  32  3:20  Spore Crawler, Extractor  
  32  3:21  Spore Crawler  
  27  3:30  Roach x3  
  30  3:39  Roach  
  30  3:40  Roach  
  35  3:46  Roach  
  34  3:59  Drone  
  34  4:02  Drone  
  36  4:13  Drone x3  
  39  4:18  Drone  
  40  4:25  Drone x2  
  40  4:31  Roach  
  44  4:39  Overlord  
  44  4:40  Drone x2  
  46  4:49  Extractor  
  45  4:53  Drone x3  
  45  4:54  Drone  
  49  5:02  Lair  
  49  5:05  Drone  
  50  5:12  Drone x2  
  52  5:16  Drone  
  52  5:17  Drone  
  54  5:26  Drone x4  
  54  5:28  Drone  
  59  5:33  Overlord  
  59  5:37  Overlord  
  59  5:50  Queen  
  59  5:56  Drone x2  
  63  5:59  Queen  
  63  6:03  Nydus Network  
  64  6:04  Roach  
  64  6:05  Roach  
  64  6:06  Ravager  
  64  6:10  Roach  
  71  6:12  Overlord  
  71  6:19  Roach x2  
  75  6:30  Queen  
  75  6:31  Roach x2  
  75  6:32  Overlord  
  81  6:53  Roach  
  81  6:54  Zergling x14  
  76  6:59  Nydus Canal  
  76  7:02  Queen  
  76  7:06  Queen  
  76  7:07  Roach x2  
  84  7:17  Overlord x2  
  84  7:28  Zergling x2  
  84  7:29  Overlord  

Tags
 
Add a new tag
Caveats
  • Supply blocks, unpowered buildings, or Contaminate may cause inaccurate times.
  • Supply counts are checked every 10 seconds.